 Dungeon Crawl Stone Soup version 0.20.1-1-g8b1a95d (webtiles) character file.

328 Greyaxe the Shield-Bearer (level 6, -1/52 HPs)
             Began as a Minotaur Fighter on Aug 17, 2017.
             Slain by an ogre
             ... wielding a +0 giant club
              (15 damage)
             ... on level 4 of the Dungeon.
             The game lasted 00:18:33 (4022 turns).

Greyaxe the Shield-Bearer (Minotaur Fighter)        Turns: 4022, Time: 00:18:34

Health: -1/52      AC:  8    Str: 22    XL:     6   Next: 25%
Magic:  5/5        EV:  8    Int:  5    God:
Gold:   182        SH:  9    Dex:  8    Spells: 5/5 levels left

rFire    + . .     SeeInvis .   a - +0 war axe
rCold    + . .     Gourm    .   c - +0 shield
rNeg     . . .     Faith    .   b - +1 scale mail
rPois    +         Spirit   .   (helmet restricted)
rElec    +         Reflect  .   (no cloak)
rCorr    +         Harm     .   (no gloves)
MR       +....                  (no boots)
Stlth    ..........             (no amulet)
Regen    0.2/turn               (no ring)
MPRegen  0.1/turn               (no ring)

@: resistant
A: retaliatory headbutt, horns 2, clumsy 1, magic resistance 1, electricity
resistance
a: no special abilities


You were on level 4 of the Dungeon.
You were not hungry.

You visited 1 branch of the dungeon, and saw 4 of its levels.

You collected 182 gold pieces.

Inventory:

Hand Weapons
 a - a +0 war axe (weapon)
Armour
 b - a +1 scale mail (worn)
 c - a +0 shield (worn)
Jewellery
 d - an uncursed ring of stealth {unknown}
Scrolls
 e - a scroll of recharging
 h - 5 scrolls of identify
 m - a scroll of fear
Potions
 g - a potion of curing
Comestibles
 f - a bread ration


   Skills:
 + Level 4.3 Fighting
 + Level 4.3 Axes
 + Level 5.0 Armour
 + Level 1.2 Dodging
 * Level 2.3 Stealth
 + Level 5.0 Shields


You had 5 spell levels left.
You didn't know any spells.

Dungeon Overview and Level Annotations

Branches:
Dungeon (4/15)
 Temple: D:4-7

Altars:
Ashenzari
Trog
The Shining One


Innate Abilities, Weirdness & Mutations

You reflexively headbutt those who attack you in melee.
You have a pair of horns on your head.
You are clumsy. (Dex -2)
You are resistant to hostile enchantments. (MR+)
You are resistant to electric shocks. (rElec)


Message History

You hit the ogre. Your headbutt misses the ogre.
The ogre is lightly wounded.
The ogre barely misses you.
You barely miss the ogre.
The ogre is lightly wounded.
The ogre hits you with a giant club!
You barely miss the ogre.
The ogre is lightly wounded.
The ogre hits you with a giant club!!
You hit the ogre but do no damage.
The ogre is lightly wounded.
You block the ogre's attack.
You hit the ogre.
The ogre is moderately wounded.
The ogre hits you with a giant club!
* * * LOW HITPOINT WARNING * * *
It was a potion of resistance.
You feel protected. The ogre hits you with a giant club!
You die...

#####.### #.......#####
#.##........#
........###.#########
#.##....###.........#
#.....##..######.# #.
#.###............##.# #.
#.......###..###.##.# .##
#####.@####.........# ..#
##..O......###.#..# ##.#
##.....####........# ####..#
##.......###.##..#.##
#.....####.........##.#...#.####
##......).'.........'........รท...
.......##)#.........##.#...#.####
.......##.##.......###.#..##.#
.......##.###.....## #.......#


You could see an ogre.

Vanquished Creatures
  The ghost of p0werm0de the Skirmisher, an amateur DsFi (D:3)
  2 orc wizards (D:3)
  A worker ant (D:4)
  3 gnolls (D:4)
  4 adders
  2 oozes
  An adder skeleton (D:4)
  2 worms
  A dart slug (D:1)
  4 leopard geckos
  An orc (D:3)
  10 bats
  4 giant cockroaches
  10 hobgoblins
  8 jackals (D:1)
  9 kobolds
  2 quokkas (D:4)
  3 ball pythons
  5 frilled lizards (D:1)
  6 goblins
  A leopard gecko skeleton (D:4)
  A quokka skeleton (D:4)
  7 rats
88 creatures vanquished.

Notes
Turn   | Place    | Note
-------+----------+-------------------------------------------
     0 | D:1      | Greyaxe the Minotaur Fighter began the quest for the Orb.
     0 | D:1      | Reached XP level 1. HP: 19/19 MP: 0/0
   204 | D:1      | Reached XP level 2. HP: 27/27 MP: 1/1
   321 | D:1      | Reached XP level 3. HP: 27/33 MP: 2/2
   452 | D:1      | Reached skill level 1 in Stealth
   979 | D:2      | Reached XP level 4. HP: 37/40 MP: 3/3
  1573 | D:3      | Noticed p0werm0de's ghost (amateur DsFi)
  1839 | D:3      | HP: 1/40 [p0werm0de's ghost (10)]
  2457 | D:3      | Found a bloodstained altar of Trog.
  2460 | D:3      | Found a glowing golden altar of the Shining One.
  2587 | D:3      | Killed p0werm0de's ghost
  2587 | D:3      | Reached skill level 5 in Shields
  2587 | D:3      | Reached XP level 5. HP: 22/46 MP: 4/4
  2806 | D:3      | Gained mutation: You are clumsy. (Dex -2) [potion of mutation]
  2806 | D:3      | Gained mutation: You are resistant to hostile enchantments. (MR+) [potion of mutation]
  2806 | D:3      | Gained mutation: You are resistant to electric shocks. (rElec) [potion of mutation]
  3213 | D:4      | Found a shattered altar of Ashenzari.
  3731 | D:4      | Reached XP level 6. HP: 52/52 MP: 5/5
  3733 | D:4      | Reached skill level 1 in Dodging
  3770 | D:4      | Reached skill level 5 in Armour
  4022 | D:4      | Slain by an ogre

Skill      XL: |  1  2  3  4  5  6 |
---------------+-------------------+-----
Shields        | 4 5 |  5.0
Axes           | 3 4 |  4.3
Stealth        | 1 2 |  2.3
Armour         | 4 5 |  5.0
Fighting       | 4 |  4.3
Dodging        | 1 |  1.2

Action                   |  1- 3 |  4- 6 || total
-------------------------+-------+-------++-------
Melee: War axe           |    97 |   132 ||   229
       Headbutt          |    12 |    17 ||    29
  Use: Scroll            |     5 |     3 ||     8
       Potion            |     2 |    10 ||    12
  Eat: Bread ration      |       |     2 ||     2
       Meat ration       |       |     1 ||     1
Armor: Scale mail        |    78 |    60 ||   138
Dodge: Dodged            |    31 |    39 ||    70
Block: Shield            |    51 |    81 ||   132
